 Dungeon Crawl Stone Soup version 0.20.1-1-g8b1a95d (webtiles) character file.

16373 azteki the Carver (level 12, -6/94 HPs)
             Began as a Demonspawn Gladiator on Sept 22, 2017.
             Was an Elder of Makhleb.
             Mangled by an orc knight
             ... wielding a +0 war axe
              (21 damage)
             ... on level 2 of the Orcish Mines.
             The game lasted 01:58:38 (14964 turns).

azteki the Carver (Demonspawn Gladiator)           Turns: 14964, Time: 01:58:39

Health: -6/94      AC: 21    Str: 19    XL:     12   Next: 9%
Magic:  15/15      EV:  8    Int:  9    God:    Makhleb [****..]
Gold:   1491       SH:  3    Dex: 16    Spells: 14/15 levels left

rFire    . . .     SeeInvis .   N - +2 long sword
rCold    . . .     Gourm    .   (no shield)
rNeg     . . .     Faith    .   H - +0 plate armour
rPois    +         Spirit   .   c - +0 helmet
rElec    .         Reflect  +   (no cloak)
rCorr    .         Harm     .   (no gloves)
MR       +....                  (no boots)
Stlth    ..........             x - +3 amulet of reflection
Regen    0.3/turn               b - ring of protection from magic
MPRegen  0.2/turn               o - ring of poison resistance

@: sanguine armour
A: talons 2, demonic guardian 1, spiny 1, sanguine armour 1
a: Minor Destruction, Lesser Servant of Makhleb, Major Destruction, Renounce
Religion


You were on level 2 of the Orcish Mines.
You worshipped Makhleb.
Makhleb was greatly pleased with you.
You were hungry.

You visited 5 branches of the dungeon, and saw 15 of its levels.

You collected 1491 gold pieces.

Inventory:

Hand Weapons
 a - a +1 long sword
 y - a +3 falchion of slicing
 G - a cursed -1 great sword
 L - a +1 rapier of speed
 N - a +2 long sword (weapon)
Missiles
 d - 5 throwing nets (quivered)
Armour
 c - a +0 helmet (worn)
 k - a +1 chain mail
 H - a +0 plate armour (worn)
Jewellery
 b - a ring of protection from magic (left hand)
 j - a +6 ring of intelligence
 o - a ring of poison resistance (right hand)
 p - an uncursed ring of protection from cold
 x - a +3 amulet of reflection (around neck)
 O - an uncursed ring of protection from fire
 R - an uncursed ring of teleportation
Wands
 B - a wand of flame (3/48)
 C - a wand of confusion (25/48)
 I - a wand of paralysis (9/24)
 M - a wand of flame (36/48)
 Q - a wand of polymorph (11/24)
Scrolls
 e - 4 scrolls of fog
 n - 6 scrolls of teleportation
 t - 2 scrolls of magic mapping
 u - a scroll of remove curse
 A - a scroll of blinking
 F - a scroll of recharging
Potions
 g - a potion of magic
 h - a potion of brilliance
 l - 2 potions of might
 m - 3 potions of lignification
 r - a potion of resistance
 s - a potion of haste
 v - 2 potions of curing
 w - 5 potions of degeneration
 E - a potion of invisibility
 J - a potion of heal wounds
 K - a potion of mutation
 P - a potion of cancellation {unknown}
Books
 q - a book of Callings

   Spells                             Type                      Level
   a - Summon Small Mammal            Summoning                    1
   b - Call Imp                       Summoning                    2
   c - Call Canine Familiar           Summoning                    3
   d - Summon Guardian Golem          Hexes/Summoning              3
   e - Summon Lightning Spire         Summoning/Air                4
   f - Summon Ice Beast               Ice/Summoning                4
 z - the Catalogue of the Shifting Blaze
   (You found it on level 1 of the Lair of Beasts)

   Spells                             Type                      Level
   a - Beastly Appendage              Transmutation                1
   b - Petrify                        Transmutation/Earth          4
   c - Dragon Form                    Transmutation                7
   d - Ignition                       Fire                         8
Comestibles
 f - 6 bread rations
 i - 6 meat rations
 D - 18 fruits
 S - a royal jelly
 T - 10 chunks of flesh


   Skills:
 + Level 8.5 Fighting
 + Level 11.8 Long Blades
 + Level 1.8 Throwing
 + Level 9.9 Armour
 + Level 4.4 Dodging
 + Level 3.9 Stealth
 + Level 2.4 Spellcasting
 + Level 2.4 Summonings
 + Level 2.2 Evocations


You had 14 spell levels left.
You knew the following spells:

 Your Spells              Type           Power        Failure   Level  Hunger
a - Summon Small Mammal   Summ           #...         93%         1    ##.....


Dungeon Overview and Level Annotations

Branches:
Dungeon (9/15)             Temple (1/1) D:6            Lair (2/6) D:9
  Snake (1/4) Lair:2          Orc (2/2) D:9             Elf (0/3) Orc:2
  Swamp: Lair:2-4    Shoals: Lair:2-4

Altars:
Ashenzari
Cheibriados
Dithmenos
Elyvilon
Fedhas
Gozag
Hepliaklqana
Kikubaaqudgha
Makhleb
Nemelex Xobeh
Okawaru
Qazlal
Ru
Sif Muna
Trog
Uskayaw
Vehumet
Xom
Yredelemnul
Zin
The Shining One


Innate Abilities, Weirdness & Mutations

You have razor-sharp toenails.
A weak demonic guardian rushes to your aid.
You are partially covered in sharp spines.
When seriously injured, your bleeding wounds create armour. (AC +6)


Message History

The orc knight barely misses you.
The orc knight hits your white imp with a war axe!!
Your white imp dies!
You hit the orc knight but do no damage.
Your kick misses the orc knight.
The orc knight is severely wounded.
You hit the orc knight but do no damage.
You claw the orc knight.
The orc knight is severely wounded.
The orc knight hits you with a war axe!
* * * LOW HITPOINT WARNING * * *
Your plate armour prevents you from hitting the orc knight.
You claw the orc knight, but do no damage.
The orc knight is severely wounded.
The orc knight hits you with a war axe.
* * * LOW HITPOINT WARNING * * *
You closely miss the orc knight.
The orc knight is severely wounded.
The orc knight hits you with a war axe!!
You die...

...............#............
.#.#.....#...................
.... ................#..
.....................##.
........................
.....#...............#..
......#.............#...
......#)o...............
.......@.5........#.#...
.......).........##.....
#.....)))......###....##
#.......#.#.#### ##...#.
##..........## ##.#..
....#...#....# ####.
##.###....#.## ####.. ##
##....########.#...
###.#..#.##......#


You could see an orc knight and a friendly quasit.

Vanquished Creatures
  Nessos (Orc:2)
  An ettin (Orc:2)
  A hydra (Lair:1)
  A two-headed ogre (D:9)
  The ghost of Arsonius the Disciple of Destruction, a novice DsWn of Makhleb (D:8)
  An orc knight (Orc:1)
  2 orc sorcerers
  An ugly thing (D:8)
  The ghost of KoningWillie the Slasher, a novice MiFi of Trog (D:6)
  2 black mambas
  3 spiny frogs
  2 komodo dragons
  3 hippogriffs
  2 yaks (Lair:1)
  2 basilisks
  2 wargs (Orc:2)
  Duvessa (D:7)
  3 water moccasins
  A porcupine (Lair:1)
  A hell hound (D:9)
  15 orc warriors
  3 sky beasts
  3 phantoms
  2 ice beasts (D:6)
  4 wolves (Lair:2)
  2 centaurs (D:8)
  12 ogres
  4 crocodiles
  Blork the orc (D:6)
  3 big kobolds
  7 bullfrogs
  3 gnoll sergeants
  Dowan (D:7)
  A scorpion (D:9)
  8 wights
  A howler monkey (D:8)
  A centaur zombie (D:6)
  A crimson imp (D:7)
  4 hounds
  2 jellies (D:6)
  A bullfrog skeleton (D:9)
  6 orc priests
  7 iguanas
  20 orc wizards
  3 worker ants
  A hound skeleton (D:7)
  A worker ant zombie (D:5)
  8 gnolls
  10 adders
  2 shadow imps
  2 oozes
  An adder skeleton (D:5)
  An adder zombie (D:8)
  2 worms
  A dart slug (D:4)
  3 leopard geckos
  50 orcs
  3 bats
  7 giant cockroaches
  6 goblins
  7 hobgoblins
  11 jackals
  A quokka (D:3)
  2 ball pythons
  4 frilled lizards
  A jackal skeleton (D:4)
  6 kobolds
  3 rats
  2 fungi (Lair:1)
  2 plants
284 creatures vanquished.

Vanquished Creatures (collateral kills)
  An orc knight (Orc:1)
  A hippogriff (D:9)
  2 yaks (Lair:1)
  Eustachio (D:6)
  A warg (Orc:1)
  An orc warrior (Orc:2)
  An ogre (D:4)
  A gnoll sergeant (D:9)
  A scorpion (D:9)
  A howler monkey (D:4)
  A crimson imp (D:7)
  2 orc priests
  An orc wizard (D:4)
  A gnoll shaman (D:5)
  A worker ant (D:8)
  2 gnolls (D:6)
  A leopard gecko (D:6)
  16 orcs
  A giant cockroach (D:5)
  A leopard gecko skeleton (D:5)
38 creatures vanquished.

Vanquished Creatures (others)
  2 fungi (Lair:2)
  3 plants
5 creatures vanquished.

Grand Total: 327 creatures vanquished

Notes
Turn   | Place    | Note
-------+----------+-------------------------------------------
     0 | D:1      | azteki the Demonspawn Gladiator began the quest for the Orb.
     0 | D:1      | Reached XP level 1. HP: 16/16 MP: 1/1
    23 | D:1      | Reached skill level 3 in Long Blades
   188 | D:1      | Gained mutation: When seriously injured, your bleeding wounds create armour. (AC +6) [demonic ancestry]
   188 | D:1      | Reached XP level 2. HP: 17/22 MP: 2/2
   468 | D:1      | Found a sparkling altar of Nemelex Xobeh.
   639 | D:1      | Gained mutation: A weak demonic guardian rushes to your aid. [demonic ancestry]
   639 | D:1      | Reached XP level 3. HP: 18/27 MP: 3/3
   782 | D:2      | Found a blossoming altar of Fedhas.
   803 | D:2      | Found a stormy altar of Qazlal.
   984 | D:2      | Found a shadowy altar of Dithmenos.
  1029 | D:2      | Found a sacrificial altar of Ru.
  1046 | D:2      | Became a worshipper of Ru the Awakened
  1282 | D:2      | Fell from the grace of Ru
  1751 | D:3      | Found a deep blue altar of Sif Muna.
  1863 | D:3      | Reached XP level 4. HP: 27/33 MP: 4/4
  1900 | D:3      | Reached skill level 1 in Armour
  2054 | D:3      | Reached skill level 4 in Long Blades
  2295 | D:3      | Found a sparkling altar of Nemelex Xobeh.
  2299 | D:3      | Found a deep blue altar of Sif Muna.
  2299 | D:3      | Found a bloodstained altar of Trog.
  2569 | D:4      | Noticed a phantom
  2585 | D:4      | Killed a phantom
  2585 | D:4      | Reached skill level 1 in Stealth
  2585 | D:4      | Reached XP level 5. HP: 22/39 MP: 5/5
  2739 | D:4      | Learned a level 1 spell: Summon Small Mammal
  2813 | D:4      | Noticed an ogre
  2839 | D:4      | Killed an ogre
  2839 | D:4      | Reached XP level 6. HP: 4/46 MP: 4/6
  3643 | D:4      | Reached skill level 1 in Summonings
  3952 | D:4      | Found a shimmering altar of Xom.
  3982 | D:5      | Entered Level 5 of the Dungeon
  4021 | D:5      | Noticed a sky beast
  4034 | D:5      | Killed a sky beast
  4034 | D:5      | Reached skill level 5 in Long Blades
  4034 | D:5      | Reached skill level 1 in Spellcasting
  4034 | D:5      | Gained mutation: You have sharp toenails. [demonic ancestry]
  4034 | D:5      | Reached XP level 7. HP: 43/52 MP: 6/8
  4100 | D:5      | Found an opulent altar of Gozag.
  4901 | D:6      | Noticed Eustachio
  4910 | D:6      | Killed Eustachio
  4910 | D:6      | Reached skill level 6 in Long Blades
  4910 | D:6      | Reached XP level 8. HP: 46/60 MP: 10/10
  5109 | D:6      | Reached skill level 7 in Long Blades
  5112 | D:6      | Noticed KoningWillie's ghost (novice MiFi)
  5135 | D:6      | Killed KoningWillie's ghost
  5344 | D:6      | Found a sparkling altar of Nemelex Xobeh.
  5485 | D:6      | Found a staircase to the Ecumenical Temple.
  5496 | Temple   | Entered the Ecumenical Temple
  5652 | Temple   | Became a worshipper of Makhleb the Destroyer
  5710 | D:6      | Noticed Blork the orc
  5719 | D:6      | Killed Blork the orc
  5764 | D:6      | Reached skill level 8 in Long Blades
  5764 | D:6      | Reached XP level 9. HP: 63/65 MP: 11/11
  6173 | D:7      | Paralysed by a crimson imp for 3 turns
  6355 | D:7      | Reached skill level 5 in Armour
  6420 | D:7      | Noticed Dowan
  6421 | D:7      | Noticed Duvessa
  6422 | D:7      | Found a flagged portal.
  6848 | D:7      | Killed Duvessa
  6869 | D:7      | Killed Dowan
  7197 | D:8      | Reached skill level 5 in Fighting
  7224 | D:8      | Reached * piety under Makhleb
  7330 | D:8      | Reached skill level 9 in Long Blades
  7678 | D:8      | Noticed Arsonius's ghost (novice DsWn)
  7716 | D:8      | Killed Arsonius's ghost
  7821 | D:8      | Gained mutation: You are partially covered in sharp spines. [demonic ancestry]
  7821 | D:8      | Reached XP level 10. HP: 55/76 MP: 12/12
  7860 | D:8      | Noticed a red ugly thing
  8393 | D:8      | Found an ancient bone altar of Kikubaaqudgha.
  8478 | D:8      | Killed a red ugly thing
  8484 | D:9      | Found a staircase to the Lair.
  8941 | D:9      | Noticed a two-headed ogre
  8951 | D:9      | Killed a two-headed ogre
  8951 | D:9      | Reached skill level 10 in Long Blades
  9232 | D:9      | Found a staircase to the Orcish Mines.
  9285 | D:9      | Reached ** piety under Makhleb
  9887 | Orc:1    | Entered Level 1 of the Orcish Mines
 10210 | Orc:1    | Noticed an orc knight
 10230 | Orc:1    | Killed an orc knight
 10230 | Orc:1    | Reached XP level 11. HP: 55/84 MP: 14/14
 10594 | Orc:1    | Found a bloodstained altar of Trog.
 10718 | Orc:2    | Entered Level 2 of the Orcish Mines
 10724 | Orc:2    | Noticed Nessos
 11013 | Orc:1    | Noticed an orc sorcerer
 11022 | Orc:1    | Killed an orc sorcerer
 11277 | Orc:2    | Killed Nessos
 11277 | Orc:2    | Reached skill level 1 in Evocations
 11568 | Orc:2    | Noticed an orc knight
 11568 | Orc:2    | Noticed an orc sorcerer
 11758 | Lair:1   | Entered Level 1 of the Lair of Beasts
 12243 | Lair:1   | Identified the Catalogue of the Shifting Blaze
 12284 | Lair:1   | Noticed a four-headed hydra
 12316 | Lair:1   | HP: 4/86 [eight-headed hydra (5)]
 12355 | Lair:1   | Reached skill level 11 in Long Blades
 12363 | Lair:1   | Killed an eight-headed hydra
 12530 | Lair:1   | Reached *** piety under Makhleb
 13048 | Lair:2   | Noticed a six-headed hydra
 13426 | Lair:2   | Found a staircase to the Snake Pit.
 13435 | Snake:1  | Entered Level 1 of the Snake Pit
 13435 | Snake:1  | Noticed a naga warrior
 13435 | Snake:1  | Noticed a naga ritualist
 13435 | Snake:1  | Noticed a mana viper
 13435 | Snake:1  | Noticed an anaconda
 13437 | Snake:1  | Noticed an anaconda
 13675 | Orc:2    | Killed an orc sorcerer
 13709 | Orc:2    | Found a staircase to the Elven Halls.
 14436 | Orc:2    | Noticed an orc knight
 14540 | Orc:1    | Killed an orc knight
 14683 | Orc:2    | Noticed an ettin
 14702 | Orc:2    | Killed an ettin
 14702 | Orc:2    | Gained mutation: You have razor-sharp toenails. [demonic ancestry]
 14702 | Orc:2    | Reached XP level 12. HP: 68/94 MP: 15/15
 14931 | Orc:2    | Reached **** piety under Makhleb
 14964 | Orc:2    | Mangled by an orc knight

Skill      XL: |  1  2  3  4  5  6  7  8  9 10 11 |
---------------+----------------------------------+-----
Long Blades    | 3 4 5 6 8 9 10 11 | 11.8
Dodging        | 3 4 |  4.4
Armour         | 1 2 3 4 6 8 9 |  9.9
Stealth        | 1 2 3 |  3.9
Summonings     | 1 2 |  2.4
Fighting       | 3 4 5 7 8 |  8.5
Spellcasting   | 1 2 |  2.4
Evocations     | 2 |  2.2
Throwing       | |  1.8

Action                   |  1- 3 |  4- 6 |  7- 9 | 10-12 || total
-------------------------+-------+-------+-------+-------++-------
Melee: Long sword        |   124 |   160 |    95 |   365 ||   744
       Kick              |       |       |   171 |   231 ||   402
       Falchion          |       |       |   321 |   231 ||   552
 Cast: Summon Small Mamm |       |     7 |       |     1 ||     8
Invok: Renounce Religion |     1 |       |       |       ||     1
Evoke: Wand              |       |       |     2 |    20 ||    22
  Use: Scroll            |     5 |     7 |     7 |    11 ||    30
       Potion            |       |       |     1 |     2 ||     3
 Stab: Sleeping          |     1 |     2 |       |       ||     3
       Distracted        |       |     1 |     1 |     6 ||     8
       Invisible         |       |       |     4 |       ||     4
  Eat: Chunk             |     3 |     6 |    13 |    14 ||    36
       Royal jelly       |       |     1 |       |     1 ||     2
       Fruit             |       |       |       |     8 ||     8
Armor: Leather armour    |    27 |    35 |       |       ||    62
       Chain mail        |       |    39 |   105 |       ||   144
       Plate armour      |       |       |    74 |   209 ||   283
Dodge: Dodged            |    70 |    93 |   161 |   169 ||   493
Block: Other             |       |       |    35 |    52 ||    87
       Reflection        |       |       |     1 |     4 ||     5
       Rpst.: Long sword |    24 |    33 |    12 |    29 ||    98
       Falchion          |       |       |    25 |    17 ||    42
